 Dungeon Crawl Stone Soup version 0.30-a0-778-g2ef04afb54 (webtiles) character file.

Game seed: 1152150922759498845

13281 Beavis the Destroyer (level 11, 0/87 HPs)
             Began as a Demonspawn Conjurer on Feb 16, 2023.
             Was a Priest of Vehumet.
             Killed from afar by a steam dragon (21 damage)
             ... with a ball of steam
             ... on level 9 of the Dungeon.
             The game lasted 00:16:43 (9484 turns).

Beavis the Destroyer (Demonspawn Conjurer)          Turns: 9484, Time: 00:16:43

Health: 0/87       AC:  6    Str: 14    XL:     11   Next: 73%
Magic:  0/23       EV: 14    Int: 30    God:    Vehumet [***...]
Gold:   1574       SH:  4    Dex: 11    Spells: 5/26 levels left

rFire   . . .      SeeInvis .    w - staff of conjuration
rCold   . . .      Faith    .    (no shield)
rNeg    + . .      Spirit   +    n - +2 robe {rN+}
rPois   .          Reflect  .    k - +0 helmet
rElec   .          Harm     .    (no cloak)
rCorr   .          Rampage  .    m - +0 pair of gloves
Will    .....                    (no boots)
Stlth   ++                       (no amulet)
HPRegen 0.34/turn                e - +6 ring of strength
MPRegen 0.36/turn                t - +6 ring of intelligence

@: slowed, very slow
A: large bone plates 1, icemail 1, magic shield, magic regeneration,
condensation shield, weakness stinger 2
a: Renounce Religion


You were on level 9 of the Dungeon.
You worshipped Vehumet.
Vehumet was most pleased with you.
You visited 2 branches of the dungeon, and saw 10 of its levels.
You also visited: Bailey.

You collected 1874 gold pieces.
You spent 300 gold pieces at shops.

Inventory:

Missiles
 y - 2 throwing nets
Armour
 k - a +0 helmet (worn)
 m - a +0 pair of gloves (worn)
 n - a +2 robe of positive energy (worn)
Magical Staves
 r - a staff of earth
 w - a staff of conjuration (weapon)
Jewellery
 e - a +6 ring of strength (left hand)
 t - a +6 ring of intelligence (right hand)
Wands
 d - a wand of flame (27)
 h - a wand of mindburst (11)
 q - a wand of charming (5)
Scrolls
 f - a scroll of blinking
 o - a scroll of fog
 v - 2 scrolls of enchant weapon
 x - a scroll of poison
 A - a scroll of teleportation
 B - a scroll of enchant armour
Potions
 a - 3 potions of ambrosia
 b - a potion of magic
 c - 3 potions of curing
 g - 2 potions of flight
 j - 5 potions of might
 p - 3 potions of heal wounds
 s - a potion of haste
 u - a potion of mutation
 z - 2 potions of lignification


   Skills:
 + Level 8.4 Fighting
 + Level 8.0 Dodging
 - Level 1.7 Stealth
 + Level 8.0 Spellcasting
 + Level 9.4 Conjurations
 + Level 4.0 Fire Magic
 + Level 5.9 Air Magic


You had 5 spell levels left.
You knew the following spells:

 Your Spells              Type           Power      Damage    Failure   Level
a - Lightning Bolt        Conj/Air       36%        1d54      1%          5
b - Searing Ray           Conj           100%       2d8       1%          2
c - Fulminant Prism       Conj/Hex       28%        3d13      1%          4
d - Iskenderun's Mystic   Conj/Tloc      57%        2d12      1%          4
e - Magic Dart            Conj           100%       1d8       1%          1
f - Fireball              Conj/Fire      34%        3d14      2%          5

Your spell library contained the following spells:

 Spells                   Type           Power      Damage    Failure   Level
 Sticky Flame             Conj/Fire      68%        2d8       1%          4
 Foxfire                  Conj/Fire      100%       2x1d9     1%          1
 Poisonous Vapours        Pois/Air       58%        N/A       1%          2
 Static Discharge         Conj/Air       100%       2-7/arc   1%          2
 Dazzling Flash           Conj/Hex       100%       N/A       1%          3
 Swiftness                Air            47%        N/A       1%          3
 Arcjolt                  Conj/Air       36%        1d46      1%          5
 Vhi's Electric Charge    Tloc/Air       58%        N/A       3%          3
 Sting                    Tmut/Pois      48%        1d5       4%          1
 Ensorcelled Hibernation  Hex/Ice        24%        N/A       6%          2
 Lesser Beckoning         Tloc           24%        N/A       6%          2
 Passwall                 Tmut/Erth      10%        N/A       6%          2
 Olgreb's Toxic Radiance  Pois           12%        N/A       11%         4
 Gell's Gravitas          Tloc           12%        N/A       13%         3
 Summon Guardian Golem    Hex/Summ       12%        N/A       13%         3
 Teleport Other           Tloc           12%        N/A       13%         3
 Starburst                Conj/Fire      34%        6d10      11%         6
 Orb of Destruction       Conj           40%        9d11      19%         7
 Spellforged Servitor     Conj/Summ      28%        N/A       75%         7
 Dispersal                Tloc           6%         N/A       100%        6


Dungeon Overview and Level Annotations

Branches:
Dungeon (9/15)             Temple (1/1) D:5          Bailey (visited)
   Lair: D:8-11         Orc: D:9-12

Altars:
Ashenzari
Cheibriados
Dithmenos
Fedhas
Hepliaklqana
Kikubaaqudgha
Makhleb
Okawaru
Qazlal
Sif Muna
Trog
Uskayaw
Vehumet
Xom
Yredelemnul

Shops:
D:6 :

Annotations:
D:7 2 transporters
D:8 1 runed translucent door, bronco's ghost, novice HOHu


Innate Abilities, Weirdness & Mutations

You are partially covered in large bone plates. (SH +4)
A meltable icy envelope protects you from harm. (AC +0)
When hurt, damage is shared between your health and your magic reserves.
You regenerate magic rapidly.
A meltable shield of frost defends you. (SH +0)
You have a tail ending in a sharp stinger.


Message History

Casting: Fulminant Prism (dangerous; 1% risk of failure)
Confirm with . or Enter, or press ? or * to list all spells.
You don't have enough magic to cast this spell.
The orc wizard attacks as you move away!
The orc wizard hits you but does no damage.
You feel very sick.
The orc wizard casts a spell.
The orc wizard flickers and vanishes!
Deactivating autopickup; reactivate with Ctrl-A.
The steam dragon breathes steam at you. The ball of steam hits you!
You hear a shout!
Something hits you but does no damage.
You are engulfed in a cloud of scalding steam.
You feel sick.
A kobold comes into view. It is wielding a +0 club.
You are engulfed in a cloud of scalding steam.
You feel sick.
A kobold comes into view. It is wielding a +0 short sword.
Something hits you but does no damage. The steam dragon breathes steam at you.
The ball of steam misses you.
Really walk into that cloud of steam?
Something hits you but does no damage.
A kobold comes into view. It is wielding a +0 whip.
You are engulfed in a cloud of scalding steam.
You feel sick.
The kobold moves out of view.
Something hits you but does no damage.
You feel sick.
You are no longer poisoned.
The kobold throws a stone.
The stone hits you but does no damage. Something hits you but does no damage.
The troll completely misses you. The troll claws you!
* * * LOW HITPOINT WARNING * * *
The troll closely misses you. The troll attacks as you move away!
The troll closely misses you.
The troll claws you but does no damage. x2
An orc warrior comes into view. It is wielding a +0 battleaxe.
The steam dragon breathes steam at you. The ball of steam hits you!!
You die...

#.K #.. ....# #K#...#
##.#.o #..K### #....
#.....# #.#.
.#####..o#.# # #..#
+..... #..# #.##..#
#.#... #..o #
#.#...###K....###K.#
##.#..@.#...#...#...#..
.[..>..{§T........K.....
.##.#....§§.#####.......
# ###.K.#DK...#.##..$#
##.....)..#.##...#
#....)∩))#.......
#..#..).?))###...
#..#.....#.# ##..
#...#.####.# .#


You could see a troll, a steam dragon (catching breath), an orc warrior and 2
kobolds.

Vanquished Creatures
  Erica (D:8)
  A two-headed ogre (D:9)
  2 kobold demonologists (Bailey)
  Prince Ribbit (D:5)
  Sigmund (D:4)
  A wyvern (D:7)
  A yak (D:9)
  2 water moccasins
  A sky beast (D:7)
  An ice beast (D:6)
  2 black bears
  14 orc warriors
  5 ogres
  A phantom (D:7)
  3 centaurs
  2 kobold brigands
  Blork the orc (D:5)
  4 bullfrogs
  2 necrophages
  2 scorpions
  3 howler monkeys
  3 electric eels (Bailey)
  A centaur zombie (D:5)
  A hound (D:6)
  5 jellies
  5 orc priests
  3 bullfrog zombies (D:5)
  A human zombie (D:5)
  An iguana (D:6)
  8 orc wizards
  A hound zombie (D:5)
  A howler monkey zombie (D:5)
  3 mummies (D:5)
  10 gnolls
  11 adders
  3 white imps
  2 ufetubi (D:5)
  An adder zombie (D:5)
  2 worms
  A dart slug (D:4)
  16 orcs
  10 endoplasms
  5 giant cockroaches
  17 goblins
  15 hobgoblins
  3 jackals (D:3)
  13 kobolds
  A quokka (D:4)
  4 ball pythons
  4 bats (D:1)
  4 frilled lizards
  6 rats
212 creatures vanquished.

Vanquished Creatures (others)
  An orc wizard (D:6)
  28 fulminant prisms
  3 plants (D:8)
32 creatures vanquished.

Grand Total: 244 creatures vanquished

Notes
Turn   | Place    | Note
-------+----------+-------------------------------------------
     0 | D:1      | Beavis the Demonspawn Conjurer began the quest for the Orb.
     0 | D:1      | Reached XP level 1. HP: 13/13 MP: 3/3
   291 | D:1      | Gained mutation: You are partially covered in large bone
                  | plates. (SH +4) [demonic ancestry]
   291 | D:1      | Reached XP level 2. HP: 20/20 MP: 0/5
   294 | D:1      | Learned a level 2 spell: Searing Ray
   735 | D:1      | Reached skill level 1 in Fighting
  1029 | D:2      | Gained mutation: You regenerate magic rapidly. [demonic
                  | ancestry]
  1029 | D:2      | Reached XP level 3. HP: 26/26 MP: 1/6
  1719 | D:2      | Reached XP level 4. HP: 32/32 MP: 3/8
  2399 | D:3      | You fall into a shaft and drop 3 floors!
  2445 | D:6      | Noticed a bullfrog
  2459 | D:6      | Found Biennoot's Book Emporium.
  2500 | D:5      | Entered Level 5 of the Dungeon
  2551 | D:5      | Gained mutation: You have a small tail. [demonic ancestry]
  2551 | D:5      | Reached XP level 5. HP: 38/38 MP: 5/9
  2737 | D:5      | Found a broken altar of Ashenzari.
  2848 | D:5      | Noticed Blork the orc
  2865 | D:5      | Killed Blork the orc
  2866 | D:5      | Reached skill level 5 in Conjurations
  2866 | D:5      | Reached XP level 6. HP: 32/46 MP: 3/11
  3126 | D:5      | Noticed Prince Ribbit
  3134 | D:5      | Killed Prince Ribbit
  3135 | D:5      | Reached XP level 7. HP: 52/52 MP: 1/12
  3237 | D:5      | Found a staircase to the Ecumenical Temple.
  3243 | Temple   | Entered the Ecumenical Temple
  3473 | D:4      | Noticed Sigmund
  3492 | D:4      | Killed Sigmund
  3493 | D:4      | Reached skill level 6 in Conjurations
  3493 | D:4      | Gained mutation: A meltable shield of frost defends you.
                  | (SH +0) [demonic ancestry]
  3493 | D:4      | Reached XP level 8. HP: 44/61 MP: 7/15
  3646 | D:4      | Found a radiant altar of Vehumet.
  3692 | D:4      | Became a worshipper of Vehumet
  4649 | D:5      | Reached * piety under Vehumet
  4649 | D:5      | Offered knowledge of Sandblast by Vehumet.
  4681 | D:5      | Found a basalt altar of Yredelemnul.
  4837 | D:5      | Reached skill level 5 in Spellcasting
  4900 | D:5      | Reached skill level 5 in Dodging
  5003 | D:5      | Found a bloodstained altar of Trog.
  5014 | D:5      | Found a hazy altar of Hepliaklqana.
  5044 | D:5      | Learned a level 5 spell: Lightning Bolt
  5049 | D:5      | Learned a level 4 spell: Fulminant Prism
  5054 | D:5      | Learned a level 4 spell: Iskenderun's Mystic Blast
  5103 | D:6      | Reached skill level 5 in Fighting
  5305 | D:6      | Reached skill level 1 in Air Magic
  5549 | D:6      | Found a snail-covered altar of Cheibriados.
  5592 | D:6      | Reached skill level 7 in Conjurations
  5671 | D:6      | Offered knowledge of Kiss of Death by Vehumet.
  5672 | D:6      | Gained mutation: You have a tail ending in a sharp stinger.
                  | [demonic ancestry]
  5672 | D:6      | Reached XP level 9. HP: 68/68 MP: 12/17
  5845 | D:6      | Reached ** piety under Vehumet
  6332 | D:6      | Bought a book of Fire for 300 gold pieces
  6627 | D:7      | Found a transporter.
  6806 | D:7      | Found a transporter.
  6964 | D:7      | Offered knowledge of Momentum Strike by Vehumet.
  7591 | D:8      | Found a runed translucent door.
  7592 | D:8      | Noticed bronco's ghost (novice HOHu)
  7620 | D:8      | Noticed Erica
  7632 | D:8      | Killed Erica
  7633 | D:8      | Reached skill level 8 in Conjurations
  7633 | D:8      | Gained mutation: When hurt, damage is shared between your
                  | health and your magic reserves. [demonic ancestry]
  7633 | D:8      | Reached XP level 10. HP: 77/77 MP: 7/20
  8059 | D:8      | Found an iron altar of Okawaru.
  8144 | D:9      | Found a flagged portal.
  8153 | D:8      | Learned a level 5 spell: Fireball
  8324 | D:9      | Noticed a two-headed ogre
  8339 | Bailey   | Entered a bailey
  8608 | Bailey   | Reached *** piety under Vehumet
  8609 | Bailey   | Reached skill level 1 in Fire Magic
  8877 | Bailey   | Noticed a smoke demon
  9003 | Bailey   | Offered knowledge of Sticky Flame by Vehumet.
  9068 | Bailey   | Found an iron altar of Okawaru.
  9370 | Bailey   | Identified the +6 scale mail of Qestroli {Fly rCorr}
  9420 | Bailey   | Acquired 1344 gold pieces
  9422 | Bailey   | Reached skill level 9 in Conjurations
  9422 | Bailey   | Reached skill level 5 in Air Magic
  9422 | Bailey   | Gained mutation: A meltable icy envelope protects you from
                  | harm. (AC +0) [demonic ancestry]
  9422 | Bailey   | Reached XP level 11. HP: 87/87 MP: 20/22
  9460 | D:9      | Killed a two-headed ogre
  9484 | D:9      | Killed from afar by a steam dragon

Illustrated notes

Levels and vault maps discovered:
D:1:      roderic_crossed_star, layout_basic
D:2:      layout_basic
D:3:      cheibrodos_greedy_goblins, layout_loops_ring, elyvilon_altar_3,
          minivault_25
D:4:      layout_gridville, mainiacjoe_overflow_brackets, abandoned_shop,
          uniq_sigmund
D:5:      dreamdust_elfheim, layout_loops_ring,
          lemuel_mausoleum_altar_yredelemnul, kennysheep_mini_moat,
          amethyst_overflow_temple_binary, temple_green, uniq_prince_ribbit1,
          uniq_blork_the_orc
D:6:      layout_basic, cheibriados_altar_1, serial_shops, shop_fountains
D:7:      gammafunk_cloud_chamber, layout_loops_corners
D:8:      layout_loops_ring, marbit_many_paths, hellmonk_ghost_big_iron,
          serial_park_tiny_1, wad_floor_pattern_2, uniq_erica
D:9:      layout_loops_ring, grunt_gozag_breadcrumbs,
          nemelex_spade_bored_becter, mainiacjoe_overflow_24_doors,
          david_lair_shrubbed, enter_bailey_2, kennysheep_cluttered_room,
          minmay_shop_chei, minmay_fractal_squares_diagonal_5, uniq_maurice
Temple:   nicolae_temple_ecumenical_triangle

Skill      XL: |  1  2  3  4  5  6  7  8  9 10 11 |
---------------+----------------------------------+-----
Dodging        | 2 3 4 5 6 7 8 |  8.0
Fighting       | 1 2 3 4 5 6 8 |  8.4
Spellcasting   | 3 4 5 6 7 8 |  8.0
Conjurations   | 5 6 7 8 9 |  9.4
Air Magic      | 1 4 5 |  5.9
Fire Magic     | 3 4 |  4.0
Stealth        | |  1.7

Action                     |  1- 3 |  4- 6 |  7- 9 | 10-12 || total
---------------------------+-------+-------+-------+-------++-------
  Melee: Unarmed           |    10 |       |       |       ||    10
         Punch             |     1 |       |       |       ||     1
         Staff             |       |       |     7 |    21 ||    28
         Tailslap          |       |       |     1 |     2 ||     3
   Cast: Magic Dart        |    20 |    13 |    13 |       ||    46
         Searing Ray       |    20 |    25 |    94 |    14 ||   153
         Fulminant Prism   |       |       |     3 |    25 ||    28
         Iskenderun's Myst |       |       |     1 |     1 ||     2
         Lightning Bolt    |       |       |       |    17 ||    17
    Use: Scroll            |       |    12 |     4 |     5 ||    21
         Potion            |       |       |       |     2 ||     2
 Armour: Robe              |     5 |     3 |    28 |    11 ||    47
  Dodge: Dodged            |    24 |     6 |    47 |    25 ||   102
  Block: Other             |     2 |     2 |    44 |    17 ||    65

Table legend: (Time is in decaauts)
 A = Elapsed time spent in this place.
 B = Non-inter-level travel time spent in this place.
 C = Inter-level travel time spent in this place.
 D = Time resting spent in this place.
 E = Time spent auto-exploring this place.
 F = Levels seen in this place.
 G = Mean time per level.
                   A        B        C        D        E       F      G
               +--------+--------+--------+--------+--------+-----+--------+
         Total |   9516 |   9161 |    355 |      0 |   7676 |  11 |  865.1 |
       Dungeon |   8311 |   7969 |    342 |      0 |   6720 |   9 |  923.4 |
        Temple |     70 |     57 |     13 |      0 |     51 |   1 |   70.0 |
        Bailey |   1134 |   1134 |      0 |      0 |    905 |   1 | 1134.0 |
               +--------+--------+--------+--------+--------+-----+--------+

Top non-repeatable levels by time:
     D:6: 1396 daAuts
     D:5: 1307 daAuts
  Bailey: 1134 daAuts
     D:7: 1028 daAuts
     D:1: 964 daAuts
     D:2: 948 daAuts
     D:3: 940 daAuts
     D:8: 919 daAuts
     D:4: 737 daAuts
  Temple: 70 daAuts
     D:9: 69 daAuts
